 Dungeon Crawl Stone Soup version 0.29.1-15-g9cfb28693d (webtiles) character file.

Game seed: 17758300352445021874

44 booth the Trooper (level 3, -3/24 HPs)
             Began as a Gargoyle Monk on Feb 28, 2023.
             Slain by a hound (5 damage)
             ... on level 2 of the Dungeon.
             The game lasted 00:07:44 (1737 turns).

booth the Trooper (Gargoyle Monk)                   Turns: 1737, Time: 00:07:45

Health: -3/24      AC:  5    Str: 16    XL:     3   Next: 62%
Magic:  3/3        EV: 12    Int: 10    God:
Gold:   83         SH:  0    Dex: 12    Spells: 2/2 levels left

rFire   . . .      SeeInvis .   a - +0 mace
rCold   . . .      Faith    .   (no shield)
rNeg    + . .      Spirit   .   b - +0 robe
rPois   ∞          Reflect  .   (no helmet)
rElec   +          Harm     .   (no cloak)
rCorr   +          Rampage  .   (no gloves)
Will    .....                   (no boots)
Stlth   ++........              (no amulet)
HPRegen 0.08/turn               e - ring of resist corrosion
MPRegen 0.08/turn               (no ring)

@: no status effects
A: sickness immunity, AC +3, negative energy resistance 1, electricity
resistance, torment resistance 1, petrification resistance
a: no special abilities


You were on level 2 of the Dungeon.
You visited 1 branch of the dungeon, and saw 2 of its levels.

You collected 83 gold pieces.

Inventory:

Hand Weapons
 a - a +0 mace (weapon)
 g - a +3 dagger
Missiles
 f - 3 poisoned darts (quivered)
Armour
 b - a +0 robe (worn)
Jewellery
 e - a ring of resist corrosion (left hand)
 h - a ring of ice
Scrolls
 i - a scroll of teleportation
 j - a scroll of amnesia
Potions
 c - a potion of ambrosia
 d - a potion of lignification {unknown}
 k - 2 potions of curing


   Skills:
 + Level 3.7 Fighting
 + Level 3.6 Maces & Flails
 + Level 2.9 Dodging
 + Level 2.4 Stealth


You had 2 spell levels left.
You didn't know any spells.
Your spell library contained the following spells:

 Spells                   Type           Power      Damage    Failure   Level
 Magic Dart               Conj           0%         1d3       36%         1
 Searing Ray              Conj           0%         2d4       50%         2
 Fulminant Prism          Conj/Hex       0%         3d6       98%         4


Dungeon Overview and Level Annotations

Branches:
Dungeon (2/15)

Altars:


Innate Abilities, Weirdness & Mutations

You are immune to sickness and miasma.
Your stone body is resilient. (AC +3)
You are immune to poison.
You resist negative energy. (rN+)
You are resistant to electric shocks. (rElec)
You are resistant to unholy torment.
You are immune to petrification.


Message History

The hound closely misses you. The hound bites you.
Throw: 5 darts (poison)
Press: ? - help, Q - select action Shift-Dir - straight line, f/p - hound
Aim: a hound (moderately wounded, 46% to hit)
You throw a poisoned dart. The poisoned dart hits the hound.
The hound is poisoned.
The hound is moderately wounded.
The hound bites you. The hound barely misses you.
A kobold comes into view. It is wielding a +0 whip.
You closely miss the hound.
The hound is heavily wounded.
The hound misses you. The hound barely misses you.
You barely miss the hound.
The hound is heavily wounded.
The hound bites you.
Throw: 4 darts (poison)
Press: ? - help, Q - select action Shift-Dir - straight line, f/p - hound
Aim: a hound (heavily wounded, poisoned, 46% to hit)
You throw a poisoned dart. The poisoned dart hits the hound.
The hound looks even sicker.
The hound is heavily wounded.
The hound bites you. x2
* * * LOW HITPOINT WARNING * * *
You closely miss the hound.
The hound is severely wounded.
The hound bites you but does no damage. The hound closely misses you.
You barely miss the hound.
The hound is severely wounded.
The hound bites you but does no damage. The hound bites you.
* * * LOW HITPOINT WARNING * * *
You miss the hound.
The hound is almost dead.
The hound bites you but does no damage. x2
You barely miss the hound.
The hound is almost dead.
The hound completely misses you. The hound barely misses you.
You closely miss the hound.
The hound is almost dead.
The hound bites you but does no damage. The hound bites you.
You die...

#(.# . # #).#
.#
#.####..###.#
#.g...[..>..
#........#
#g.# #K## #h#
#######@##
.........#
#######..#
#..#
#..########
#.........#
##.######.#
#.# #.# #.#
#.#


You could see a hound (poisoned), a hobgoblin and a kobold.

Vanquished Creatures
  2 worms (D:2)
  2 dart slugs (D:1)
  A bat (D:1)
  4 endoplasms (D:1)
  A giant cockroach (D:2)
  4 goblins
  3 hobgoblins
  4 jackals (D:1)
  3 ball pythons (D:1)
  2 frilled lizards
  2 kobolds (D:1)
  3 rats
31 creatures vanquished.

Notes
Turn   | Place    | Note
-------+----------+-------------------------------------------
     0 | D:1      | booth the Gargoyle Monk began the quest for the Orb.
     0 | D:1      | Reached XP level 1. HP: 14/14 MP: 1/1
   327 | D:1      | Reached XP level 2. HP: 9/19 MP: 2/2
  1119 | D:1      | Reached XP level 3. HP: 23/23 MP: 3/3
  1197 | D:1      | Found a faded altar of an unknown god.
  1737 | D:2      | Slain by a hound

Illustrated notes

Levels and vault maps discovered:
D:1:      dpeg_arrival_connections, layout_loops_ring, basic_ecumenical_altar
D:2:      minmay_general_purpose_star, layout_loops_ring, minmay_circle_x,
          uniq_natasha

Action                   || total
-------------------------++-------
Melee: Mace              ||    97
       Punch             ||     2
Throw: Dart              ||    11
  Use: Scroll            ||     4
       Potion            ||     1
 Stab: Sleeping          ||     2
Armor: Robe              ||    31
Dodge: Dodged            ||    60
